 Dungeon Crawl Stone Soup version 0.30.1-11-g7821555f0a (webtiles) character file.

Game seed: 16722857173431153487

88 Cheops the Chiller (level 4, 0/39 HPs)
             Began as an Ogre Ice Elementalist on Oct 30, 2023.
             Killed from afar by a dart slug (2 damage)
             ... with a slug dart
             ... on level 2 of the Dungeon.
             The game lasted 00:04:19 (1685 turns).

Cheops the Chiller (Ogre Ice Elementalist)          Turns: 1685, Time: 00:04:19

Health: 0/39       AC:  3    Str: 12    XL:     4   Next: 53%
Magic:  6/8        EV:  9    Int: 18    God:
Gold:   63         SH:  0    Dex:  9    Spells: 2/9 levels left

rFire   . . .        b - staff of poison
rCold   . . .        (no shield)
rNeg    . . .        j - +0 robe
rPois   +            (helmet restricted)
rElec   .            (no cloak)
rCorr   .            (gloves unavailable)
SInv    .            (boots unavailable)
Will    .....        (no amulet)
Stlth   +            (no ring)
HPRegen 0.26/turn    (no ring)
MPRegen 0.11/turn

%: no passive effects
@: no status effects
A: large, unfitting armour, tough skin 1
a: no special abilities


You were on level 2 of the Dungeon.
You visited 1 branch of the dungeon, and saw 2 of its levels.

You collected 63 gold pieces.

Inventory:

Hand Weapons
 a - a +0 whip
 i - a +0 hand axe
Armour
 j - a +0 robe (worn)
Magical Staves
 b - a staff of poison (weapon)
 c - a staff of fire
Scrolls
 d - a scroll of teleportation {unknown}
 e - a scroll of enchant weapon {unknown}
 k - a scroll of enchant armour {unknown}
 l - a scroll of magic mapping {unknown}
Potions
 f - a potion of lignification {unknown}
 g - a potion of mutation {unknown}


   Skills:
 + Level 1.5 Maces & Flails
 - Level 1.7 Dodging
 - Level 1.4 Stealth
 - Level 3.0 Spellcasting
 * Level 4.7 Ice Magic


You had 2 spell levels left.
You knew the following spells:

 Your Spells              Type           Power      Damage    Failure   Level
a - Freeze                Ice            76%        1d8       2%          1
r - Frozen Ramparts       Ice            38%        1d6       7%          3
A - Ozocubu's Armour      Ice            19%        N/A       7%          3

Your spell library contained the following spells:

 Spells                   Type           Power      Damage    Failure   Level
 Summon Ice Beast         Ice/Summ       11%        N/A       52%         4


Dungeon Overview and Level Annotations

Branches:
Dungeon (2/15)

Altars:

Annotations:
D:2 Robin


Innate Abilities, Weirdness & Mutations

You are too large for most types of armour.
You have tough skin. (AC +1)


Message History

The rat bites you.
* * * LOW HITPOINT WARNING * * *
The adder bites you.
* * * LOW HITPOINT WARNING * * *
The rat barely misses you.
You hit the adder.
The adder is severely wounded.
The adder bites you.
* * * LOW HITPOINT WARNING * * *
The rat bites you but does no damage.
You hit the adder but do no damage.
The adder is severely wounded.
The adder bites you but does no damage.
A dart slug comes into view.
The adder bites you.
* * * LOW HITPOINT WARNING * * *
The rat barely misses you. Magic courses through your body.
The adder bites you.
* * * LOW HITPOINT WARNING * * *
The rat bites you.
* * * LOW HITPOINT WARNING * * *
Casting: Freeze (safe; 2% risk of failure)
Confirm with . or Enter, or press ? or * to list all spells.
Casting: Frozen Ramparts (dangerous; 8% risk of failure)
Press: ? - help, Dir - look around, f - activate The walls around you are covered in ice.
The wall freezes the adder.
You kill the adder!
The wall freezes the rat.
You kill the rat!
The wall freezes the goblin.
You kill the goblin!
Your frozen ramparts will break if you move.
Continue? [Y]es or [N]o only, please.
Your frozen ramparts will break if you move.
Continue?
The frozen ramparts melt away as you move.
The dart slug briefly extends its eye-stalks.
The dart slug launches a dart at you. The slug dart hits you.
You die...

#........# #
######........# ##
..............# ##.
.......†.)....# .. ##.#
........# #.. ##.8.
....w...# #...#.^..
........# #...'....
........#####.### ##....
..>......@....... ##†8.
........###.#+##########.#
........# #..........####.
........# #..........'..##
##......###..........###.#
..........#..........# #..
.....................#####
#.......................#
#
#...........#...(.......#
#


You could see a dart slug.

Vanquished Creatures
  3 adders (D:2)
  A dart slug (D:2)
  A worm (D:2)
  2 endoplasms
  3 giant cockroaches (D:1)
  10 goblins
  5 hobgoblins
  4 jackals (D:1)
  5 kobolds
  4 quokkas
  A ball python (D:1)
  A bat (D:1)
  3 frilled lizards (D:1)
  7 rats
50 creatures vanquished.

Notes
Turn   | Place    | Note
-------+----------+-------------------------------------------
     0 | D:1      | Cheops the Ogre Ice Elementalist began the quest for the
                  | Orb.
     0 | D:1      | Reached XP level 1. HP: 16/16 MP: 3/3
   188 | D:1      | Reached XP level 2. HP: 22/24 MP: 0/6
   507 | D:1      | Reached skill level 4 in Ice Magic
   519 | D:1      | Reached XP level 3. HP: 31/31 MP: 2/7
  1159 | D:2      | Reached skill level 1 in Maces & Flails
  1384 | D:2      | Reached XP level 4. HP: 33/39 MP: 4/8
  1520 | D:2      | Noticed Robin
  1552 | D:1      | Learned a level 3 spell: Frozen Ramparts
  1556 | D:1      | Learned a level 3 spell: Ozocubu's Armour
  1679 | D:2      | HP: 1/39 [rat (2)]
  1685 | D:2      | Killed from afar by a dart slug

Illustrated notes

Levels and vault maps discovered:
D:1:      dpeg_arrival_simpleton_b, layout_rooms
D:2:      layout_basic, serial_corexii_hall, chequers_hall_statues_y,
          corexii_hall_statues_x, st_stairs_9, dk_noncrumbling_3,
          serial_park_tiny_1, hangedman_feature_mirror, uniq_robin, uniq_terence

Skill      XL: |  1  2  3 |
---------------+----------+-----
Spellcasting   | 3 |  3.0
Ice Magic      | 4 |  4.7
Maces & Flails | 1 |  1.5
Dodging        | |  1.7
Stealth        | |  1.4

Action                     |  1- 3 |  4- 6 || total
---------------------------+-------+-------++-------
  Melee: Unarmed           |    10 |       ||    10
         Whip              |     5 |     5 ||    10
         Staff             |       |     5 ||     5
   Cast: Freeze            |    58 |    15 ||    73
         Frozen Ramparts   |       |     2 ||     2
    Use: Potion            |       |     1 ||     1
 Armour: Robe              |    16 |     5 ||    21
  Dodge: Dodged            |    30 |    17 ||    47
